 Dungeon Crawl Stone Soup version 0.30-a0-165-g1891117ce2 (webtiles) character file.

Game seed: 17600530865672101384

54023 qw the Severer (level 14, -17/92 HPs)
             Began as a Gargoyle Fighter on Sept 28, 2022.
             Was a High Priest of Okawaru.
             Demolished by an enormous slime creature (55 damage)
             ... on level 12 of the Dungeon.
             The game lasted 00:06:48 (16866 turns).

qw the Severer (Gargoyle Fighter)                  Turns: 16866, Time: 00:06:49

Health: -17/92     AC: 32    Str: 24    XL:     14   Next: 71%
Magic:  20/21      EV: 13    Int: 10    God:    Okawaru [*****.]
Gold:   1090       SH:  7    Dex:  9    Spells: 13/13 levels left

rFire   + . .      SeeInvis +    j - +2 war axe (spect)
rCold   + . .      Faith    .    c - +0 buckler
rNeg    + . .      Spirit   .    f - +5 ring mail of an ice cave {rPois rC+ SInv}
rPois   inf        Reflect  .    (no helmet)
rElec   +          Harm     .    v - +1 cloak
rCorr   .          Rampage  .    (no gloves)
Will    +....                    e - +2 pair of boots
Stlth   ++........               w - amulet of regeneration
HPRegen 1.05/turn                B - +4 ring of protection
MPRegen 0.17/turn                u - ring of protection from fire

@: about to teleport, heroic, flying
A: sickness immunity, AC +10, big wings, negative energy resistance 1,
electricity resistance, torment resistance 1, petrification resistance
a: Renounce Religion, Heroism, Finesse, Duel


You were on level 12 of the Dungeon.
You worshipped Okawaru.
Okawaru was extremely pleased with you.
You visited 2 branches of the dungeon, and saw 17 of its levels.
You also visited: Gauntlet.

You collected 1188 gold pieces.
You spent 98 gold pieces at shops.


Innate Abilities, Weirdness & Mutations

You are immune to sickness and miasma.
Your stone body is resilient. (AC +10)
You are immune to poison.
Your large and strong wings let you fly.
You resist negative energy. (rN+)
You are resistant to electric shocks. (rElec)
You are resistant to unholy torment.
You are immune to petrification.


   Skills:
 + Level 12.7(17.7) Fighting
 - Level 16.0(21.0) Axes
 - Level 6.6(11.6) Throwing
 - Level 6.0(11.0) Armour
 - Level 4.0(9.0) Dodging
 - Level 8.0(13.0) Shields
 - Level 10.0 Invocations


You had 13 spell levels left.
You didn't know any spells.
Your spell library was empty.

Inventory:

Hand Weapons
 j - a +2 spectral war axe (weapon)
 q - a +0 eveningstar of draining
Missiles
 y - 22 javelins (quivered)
Armour
 a - +0 acid dragon scales
 b - the +1 plate armour of the Arena {rPois}
   (You found it on level 12 of the Dungeon)

   rPois:     It protects you from poison.
 c - a +0 buckler (worn)
 e - a +2 pair of boots (worn)
 f - the +5 ring mail of an ice cave (worn) {rPois rC+ SInv}
   (You found it on level 7 of the Dungeon)

   rC:        It protects you from cold.
   rPois:     It protects you from poison.
   SInv:      It lets you see invisible.
 h - a +0 plate armour
 v - a +1 cloak (worn)
Jewellery
 k - a +4 ring of evasion
 u - a ring of protection from fire (right hand)
 w - an amulet of regeneration (around neck)
 B - a +4 ring of protection (left hand)
 C - a ring of protection from cold
 Y - a +6 ring of dexterity
Scrolls
 l - 5 scrolls of identify
 s - a scroll of amnesia {unknown}
 x - a scroll of teleportation
 A - a scroll of brand weapon
Potions
 d - 4 potions of might
 g - 2 potions of mutation
 i - 3 potions of cancellation
 m - 3 potions of haste
 n - 8 potions of attraction
 o - 3 potions of lignification
 p - 4 potions of heal wounds
 r - 3 potions of curing
 t - a potion of magic
 z - a potion of resistance

Dungeon Overview and Level Annotations

Branches:
Dungeon (12/15)            Temple (0/1) D:7            Lair (5/5) D:9
  Swamp (0/4) Lair:2        Snake (0/4) Lair:3        Slime (0/5) Lair:5
    Orc (0/2) D:12        Gauntlet (visited)

Altars:
Ashenzari
Makhleb
Okawaru
Sif Muna
Trog
Wu Jian
Xom
The Shining One
Lugonu

Shops:
D:2 *!(!   D:4 *   D:6 *

Portals:
Abyss: Lair:5

Annotations:
D:6 1 runed translucent door, qw's ghost, novice GrFi
D:7 1 runed translucent door, Crazy Yiuf


Message History

The large slime creature is moderately wounded.
The large slime creature hits you but does no damage.
You slice the large slime creature!!
The large slime creature is heavily wounded.
The large slime creature hits you but does no damage.
You hit the large slime creature.
The large slime creature is heavily wounded.
You block the large slime creature's attack.
You slice the large slime creature!!
The large slime creature is heavily wounded.
The large slime creature hits you.
Two slime creatures merge to form a very large slime creature.
16858 ||| INVOKING Heroism.
You gain the combat prowess of a mighty hero.
The slime creature quivers.
You slice the very large slime creature!!
The very large slime creature is heavily wounded.
You hit the very large slime creature.
The very large slime creature is heavily wounded.
Two slime creatures merge to form an enormous slime creature.
16861 ||| READING 2 scrolls of teleportation.
As you read the scroll of teleportation, it crumbles to dust.
You feel strangely unstable.
You hit the enormous slime creature.
The enormous slime creature is moderately wounded.
You block the enormous slime creature's attack.
You slash the enormous slime creature!
The enormous slime creature is heavily wounded.
You block the enormous slime creature's attack.
You slice the enormous slime creature!!
The enormous slime creature is heavily wounded.
You slash the enormous slime creature!
The enormous slime creature is heavily wounded.
The enormous slime creature hits you!!!
Ouch! That really hurt!
You slash the enormous slime creature!
The enormous slime creature is heavily wounded.
The enormous slime creature hits you!!!
Ouch! That really hurt!
You die...

### ##.. ###############
#... #(J...J..((...#
#######... #.# #J#
#......... #.# #@#
#.##...>.. #.# #.#
#.##...... #.# #.#
#......... #.#
########.#######.#####...
#.#
#................#.......
#.#
#..................###...
#.####.######.#######.###
#### #.............# #.#
######.######## #.#


You could see an enormous slime creature.

Vanquished Creatures
  A minotaur (Gauntlet)
  Snorg (D:10)
  5 hydras
  A two-headed ogre (D:9)
  4 thrashing horrors (Lair:5)
  Urug (Lair:5)
  Nergalle (D:11)
  A glowing orange brain (Gauntlet)
  2 bog bodies (Lair:2)
  A wizard (Gauntlet)
  A lindwurm (shapeshifter) (Lair:5)
  5 slime creatures
  2 ugly things
  A manticore (D:12)
  5 black mambas
  A guardian serpent (shapeshifter) (Lair:5)
  A smoke demon (Lair:5)
  9 elephants
  8 cane toads
  A torpor snail (Lair:2)
  A gargoyle (D:12)
  10 komodo dragons
  An unseen horror (D:12)
  4 rime drakes
  An ancient zyme (Lair:5)
  A polar bear (Lair:5)
  A troll (D:11)
  Prince Ribbit (D:6)
  32 blink frogs
  2 hornets
  4 dream sheep (Lair:5)
  2 large abominations (Lair:5)
  A spriggan (Lair:5)
  2 ynoxinuls (Lair:5)
  A shadow (D:12)
  4 wyverns
  3 wraiths
  A vampire (D:10)
  Grum (D:11)
  2 basilisks
  59 yaks
  4 vampire mosquitoes (D:11)
  3 chaos spawn (Lair:5)
  A steam dragon (D:8)
  A naga (Lair:3)
  3 acid dragons
  3 swamp worms (Lair:3)
  24 water moccasins
  2 two-headed ogre zombies (D:12)
  2 ice beasts
  5 orc warriors
  2 sky beasts
  4 black bears
  4 ogres
  8 wolves
  A centaur (D:10)
  4 phantoms
  A kobold brigand (D:8)
  5 bullfrogs
  A scorpion (D:5)
  9 small abominations (Lair:5)
  2 necrophages
  2 troll zombies (D:12)
  9 killer bees
  8 howler monkeys
  A gnoll bouda (D:9)
  9 jellies
  6 orc priests
  2 hounds
  Jessica (D:3)
  2 iguanas
  Ijyb (D:5)
  4 orc wizards
  4 ogre zombies (D:12)
  12 gnolls
  5 adders
  2 shadow imps
  A white imp (D:8)
  An ufetubus (D:6)
  2 worms
  3 dart slugs
  43 orcs
  6 endoplasms
  6 giant cockroaches
  12 goblins
  6 hobgoblins
  6 jackals
  14 kobolds
  6 quokkas
  10 ball pythons
  4 bats
  6 frilled lizards (D:1)
  3 goblin zombies (D:12)
  2 hobgoblin skeletons (D:12)
  3 hobgoblin zombies (D:12)
  2 orc skeletons (D:12)
  15 orc zombies (D:12)
  3 rats
  A butterfly (Lair:1)
498 creatures vanquished.

Vanquished Creatures (others)
  40 fungi
  89 plants
129 creatures vanquished.

Grand Total: 627 creatures vanquished

Notes
Turn   | Place    | Note
-------+----------+-------------------------------------------
     0 | D:1      | qw the Gargoyle Fighter began the quest for the Orb.
     0 | D:1      | Reached XP level 1. HP: 14/14 MP: 1/1
     0 | D:1      | 0 ||| qw: Version: 0.2-a-12-gaebbb33
     0 | D:1      | 0 ||| qw: Game counter: 852
     0 | D:1      | 0 ||| qw: Always use a shield: true
     0 | D:1      | 0 ||| qw: God list: Okawaru
     0 | D:1      | 0 ||| qw: Allow faded altars: false
     0 | D:1      | 0 ||| qw: Do Orc after D:15 true
     0 | D:1      | 0 ||| qw: Do second Lair branch before Depths: true
     0 | D:1      | 0 ||| qw: Lair rune preference: random
     0 | D:1      | 0 ||| qw: Plans: Normal, Zot:1-4, God:TSO, Crypt, Tomb,
                  | Pan, Slime:5, Hells, Abyss, Orb
     0 | D:1      | 0 ||| PLANNING D:1-11
   109 | D:1      | Reached skill level 2 in Axes
   358 | D:1      | 358 ||| Stepping ~*~*~tactically~*~*~ (hiding).
   472 | D:1      | Reached XP level 2. HP: 19/19 MP: 2/2
   501 | D:1      | 501 ||| Stepping ~*~*~tactically~*~*~ (stealth).
   507 | D:1      | 507 ||| Stepping ~*~*~tactically~*~*~ (stealth).
   509 | D:1      | 509 ||| Stepping ~*~*~tactically~*~*~ (stealth).
   510 | D:1      | 510 ||| Stepping ~*~*~tactically~*~*~ (stealth).
   728 | D:1      | Found a faded altar of an unknown god.
   730 | D:1      | 730 ||| Stepping ~*~*~tactically~*~*~ (stealth).
   734 | D:1      | 734 ||| Stepping ~*~*~tactically~*~*~ (stealth).
   735 | D:1      | 735 ||| Stepping ~*~*~tactically~*~*~ (stealth).
   784 | D:1      | Reached skill level 3 in Axes
   820 | D:1      | Reached XP level 3. HP: 23/23 MP: 3/3
   820 | D:1      | 820 ||| Stepping ~*~*~tactically~*~*~ (stealth).
   831 | D:1      | 831 ||| Stepping ~*~*~tactically~*~*~ (stealth).
   834 | D:1      | 834 ||| Stepping ~*~*~tactically~*~*~ (stealth).
  1002 | D:1      | 1002 ||| UPGRADING to +1 pair of boots.
  1007 | D:1      | 1007 ||| READING 2 scrolls labelled HANTUF ERERA.
  1012 | D:1      | 1012 ||| READING scroll labelled AMETOPYURA.
  1013 | D:1      | 1013 ||| READING 2 scrolls labelled UNISSI RUFOCW.
  1014 | D:1      | 1014 ||| READING scroll labelled BOUCZE IKKUHUJ.
  1029 | D:2      | Found Nomunweff's Assorted Antiques.
  1038 | D:2      | 1038 ||| BUYING fizzy coppery potion (18 gold).
  1038 | D:2      | Bought a fizzy coppery potion for 18 gold pieces
  1038 | D:2      | 1038 ||| SHOPLISTING lumpy blue potion (18 gold, have 10).
  1038 | D:2      | 1038 ||| SHOPLISTING scroll labelled LUSEUPYGHOM (21 gold,
                  | have 10).
  1038 | D:2      | 1038 ||| SHOPLISTING scroll of identify (42 gold, have 10).
  1144 | D:2      | Found Uwnine's Antique Weapon Shop.
  1162 | D:2      | 1162 ||| SHOPLISTING whip (57 gold, have 26).
  1216 | D:2      | Found Ycylyjeg's Distillery.
  1228 | D:2      | 1228 ||| BUYING potion of attraction (30 gold).
  1228 | D:2      | Bought a potion of attraction for 30 gold pieces
  1228 | D:2      | 1228 ||| SHOPLISTING potion of cancellation (80 gold, have
                  | 18).
  1228 | D:2      | 1228 ||| SHOPLISTING potion of curing (30 gold, have 18).
  1228 | D:2      | 1228 ||| SHOPLISTING potion of heal wounds (50 gold, have
                  | 18).
  1228 | D:2      | 1228 ||| SHOPLISTING potion of resistance (100 gold, have
                  | 18).
  1314 | D:2      | Reached XP level 4. HP: 28/28 MP: 4/4
  1447 | D:2      | HP: 6/28 [gnoll/+2 flail of protection (5)]
  1448 | D:2      | Reached skill level 4 in Axes
  1448 | D:2      | 1448 ||| READING scroll of teleportation.
  1449 | D:2      | HP: 1/28 [gnoll/+2 flail of protection (6)]
  1570 | D:2      | HP: 5/28 [gnoll/+2 flail of protection (7)]
  1823 | D:2      | 1823 ||| DROPPING +0 club.
  1938 | D:2      | Found Hocler's Distillery.
  1941 | D:2      | 1941 ||| SHOPLISTING potion of attraction (42 gold, have
                  | 18).
  1941 | D:2      | 1941 ||| SHOPLISTING potion of curing (42 gold, have 18).
  1941 | D:2      | 1941 ||| SHOPLISTING potion of lignification (42 gold, have
                  | 18).
  1992 | D:2      | 1992 ||| READING scroll labelled ROSHRI BEEQOUS.
  1993 | D:2      | 1993 ||| READING 2 scrolls labelled FOM COORHO.
  2044 | D:2      | 2044 ||| READING scroll labelled EMMEODGH EMATS.
  2045 | D:2      | 2045 ||| DROPPING scroll of torment.
  2074 | D:3      | Found a bloodstained altar of Trog.
  2074 | D:3      | Found an iron altar of Okawaru.
  2075 | D:3      | 2075 ||| PLANNING OKAWARU WORSHIP
  2075 | D:3      | 2075 ||| FLEEEEING.
  2078 | D:3      | 2078 ||| FLEEEEING.
  2079 | D:3      | 2079 ||| FLEEEEING.
  2080 | D:3      | 2080 ||| FLEEEEING.
  2081 | D:3      | 2081 ||| FLEEEEING.
  2084 | D:3      | 2084 ||| STAIRDANCE
  2089 | D:3      | 2089 ||| STAIRDANCE
  2109 | D:3      | Became a worshipper of Warmaster Okawaru
  2110 | D:3      | 2110 ||| PLANNING D:1-11
  2207 | D:3      | 2207 ||| Stepping ~*~*~tactically~*~*~ (stealth).
  2241 | D:3      | 2241 ||| Stepping ~*~*~tactically~*~*~ (hiding).
  2242 | D:3      | 2242 ||| Stepping ~*~*~tactically~*~*~ (hiding).
  2249 | D:3      | Reached XP level 5. HP: 31/32 MP: 5/5
  2250 | D:3      | 2250 ||| Stepping ~*~*~tactically~*~*~ (stealth).
  2308 | D:3      | Reached skill level 5 in Axes
  2689 | D:3      | Noticed Jessica
  2690 | D:3      | Killed Jessica
  2722 | D:3      | 2722 ||| DRINKING 2 yellow potions.
  2723 | D:3      | 2723 ||| DROPPING potion of brilliance.
  2753 | D:4      | 2753 ||| PLANNING SEWER
  2775 | D:4      | 2775 ||| Stepping ~*~*~tactically~*~*~ (hiding).
  2995 | D:4      | Found Munaxes's Assorted Antiques.
  3009 | D:4      | 3009 ||| BUYING scroll labelled RYNI CYCZIFY (25 gold).
  3009 | D:4      | Bought a scroll labelled RYNI CYCZIFY for 25 gold pieces
  3009 | D:4      | 3009 ||| BUYING scroll labelled SANEUCA ATAICW (25 gold).
  3009 | D:4      | Bought a scroll labelled SANEUCA ATAICW for 25 gold pieces
  3044 | D:4      | Reached skill level 1 in Dodging
  3044 | D:4      | Reached XP level 6. HP: 29/38 MP: 6/6
  3157 | D:4      | 3157 ||| Stepping ~*~*~tactically~*~*~ (stealth).
  3184 | D:4      | Reached * piety under Okawaru
  3388 | D:4      | Identified the +1 ring mail "Qieke" {Rampage rPois rCorr
                  | Dex-4}
  3432 | D:4      | 3432 ||| RIP SEWER
  3438 | D:4      | 3438 ||| PLANNING D:1-11
  3438 | D:4      | 3438 ||| INVOKING Heroism.
  3439 | D:4      | 3439 ||| INVOKING Heroism.
  3853 | D:4      | 3853 ||| UPGRADING to +0 chain mail.
  3863 | D:4      | 3863 ||| DROPPING +0 scale mail.
  3864 | D:4      | 3864 ||| READING scroll labelled RYNI CYCZIFY.
  3865 | D:4      | 3865 ||| READING scroll labelled SANEUCA ATAICW.
  3866 | D:4      | 3866 ||| READING scroll labelled LUSEUPYGHOM.
  3902 | D:5      | Entered Level 5 of the Dungeon
  3923 | D:5      | Reached skill level 1 in Invocations
  3945 | D:5      | 3945 ||| Stepping ~*~*~tactically~*~*~ (stealth).
  3955 | D:5      | 3955 ||| INVOKING Heroism.
  3960 | D:5      | Reached XP level 7. HP: 39/43 MP: 5/8
  4039 | D:5      | Reached skill level 6 in Axes
  4095 | D:5      | Noticed Ijyb
  4096 | D:5      | 4096 ||| INVOKING Heroism.
  4100 | D:5      | Killed Ijyb
  4137 | D:5      | Reached skill level 3 in Invocations
  4182 | D:5      | 4182 ||| INVOKING Heroism.
  4378 | D:5      | 4378 ||| UPGRADING to +6 ring of dexterity.
  4379 | D:5      | 4379 ||| READING 2 scrolls labelled PEROENT XEFFOWK.
  4380 | D:5      | 4380 ||| DROPPING scroll of poison.
  4454 | D:6      | 4454 ||| INVOKING Heroism.
  4461 | D:6      | Reached skill level 7 in Axes
  4461 | D:6      | Reached XP level 8. HP: 48/48 MP: 8/11
  4571 | D:6      | Found Fotorota's General Store.
  4661 | D:6      | Reached ** piety under Okawaru
  4684 | D:6      | 4684 ||| INVOKING Heroism.
  4715 | D:6      | Found a runed translucent door.
  4724 | D:6      | Found a shimmering altar of Xom.
  4724 | D:6      | Noticed qw's ghost (novice GrFi)
  4724 | D:6      | Noticed a +2 trident of chaos
  4789 | D:6      | Noticed Prince Ribbit
  4793 | D:6      | 4793 ||| INVOKING Heroism.
  4802 | D:6      | Killed Prince Ribbit
  4955 | D:6      | Reached skill level 8 in Axes
  5214 | D:6      | Reached skill level 1 in Throwing
  5218 | D:6      | 5218 ||| READING scroll of enchant weapon.
  5218 | D:6      | 5218 ||| ENCHANTING +0 spectral war axe.
  5253 | D:6      | 5253 ||| READING scroll labelled YGIETE BIEMMO HIXT.
  5354 | D:6      | 5354 ||| READING scroll labelled AFIN FAEDOA.
  5355 | D:6      | 5355 ||| DRINKING 2 lumpy blue potions.
  5356 | D:6      | 5356 ||| READING 3 scrolls of identify.
  5356 | D:6      | 5356 ||| IDENTIFYING ruby potion
  5357 | D:6      | 5357 ||| READING 2 scrolls of identify.
  5357 | D:6      | 5357 ||| IDENTIFYING murky red potion
  5358 | D:6      | 5358 ||| DROPPING potion of berserk rage.
  5533 | D:7      | Found a staircase to the Ecumenical Temple.
  5555 | D:7      | 5555 ||| Stepping ~*~*~tactically~*~*~ (stealth).
  5581 | D:7      | Reached skill level 6 in Fighting
  5581 | D:7      | Reached XP level 9. HP: 41/55 MP: 12/12
  5678 | D:7      | 5678 ||| INVOKING Heroism.
  5697 | D:7      | Found a shimmering altar of Xom.
  5705 | D:7      | Found a broken altar of Ashenzari.
  5706 | D:7      | Found a glowing golden altar of the Shining One.
  5707 | D:7      | Found a burning altar of Makhleb.
  5733 | D:7      | Reached *** piety under Okawaru
  5751 | D:7      | 5751 ||| INVOKING Heroism.
  5802 | D:7      | Identified the +5 ring mail of an ice cave {rPois rC+ SInv}
  5825 | D:7      | Found a shimmering blue altar of Sif Muna.
  5825 | D:7      | Found an ornate altar of the Wu Jian Council.
  6099 | D:7      | 6099 ||| INVOKING Heroism.
  6214 | D:7      | 6214 ||| INVOKING Heroism.
  6217 | D:7      | 6217 ||| Stepping ~*~*~tactically~*~*~ (stealth).
  6243 | D:7      | 6243 ||| Stepping ~*~*~tactically~*~*~ (hiding).
  6246 | D:7      | 6246 ||| INVOKING Heroism.
  6305 | D:7      | Found a runed translucent door.
  6306 | D:7      | Noticed Crazy Yiuf
  6504 | D:7      | 6504 ||| UPGRADING to +5 ring mail of an ice cave {rPois
                  | rC+ SInv}.
  6514 | D:7      | 6514 ||| UPGRADING to +0 cloak.
  6519 | D:7      | 6519 ||| DRINKING 2 blue potions.
  6543 | D:7      | 6543 ||| DRINKING 2 bubbling green potions.
  6544 | D:7      | 6544 ||| READING 4 scrolls of identify.
  6544 | D:7      | 6544 ||| IDENTIFYING metallic amethyst potion
  6545 | D:7      | 6545 ||| READING 3 scrolls of identify.
  6545 | D:7      | 6545 ||| IDENTIFYING viscous yellow potion
  6546 | D:7      | 6546 ||| READING 2 scrolls of identify.
  6546 | D:7      | 6546 ||| IDENTIFYING viscous white potion
  6547 | D:7      | 6547 ||| DROPPING potion of ambrosia.
  6657 | D:8      | 6657 ||| INVOKING Heroism.
  6660 | D:8      | Noticed a hornet
  6662 | D:8      | Reached skill level 9 in Axes
  6671 | D:8      | Killed a hornet
  7002 | D:8      | 7002 ||| READING scroll of enchant weapon.
  7002 | D:8      | 7002 ||| ENCHANTING +1 spectral war axe.
  7014 | D:8      | 7014 ||| INVOKING Heroism.
  7118 | D:8      | Reached XP level 10. HP: 63/63 MP: 13/13
  7145 | D:8      | 7145 ||| READING scroll of enchant armour.
  7145 | D:8      | 7145 ||| ENCHANTING +1 pair of boots.
  7430 | D:8      | 7430 ||| INVOKING Heroism.
  7434 | D:8      | Reached skill level 10 in Axes
  7519 | D:8      | 7519 ||| READING 2 scrolls of identify.
  7519 | D:8      | 7519 ||| IDENTIFYING golden potion
  7520 | D:8      | 7520 ||| DROPPING potion of degeneration.
  7567 | D:9      | 7567 ||| Stepping ~*~*~tactically~*~*~ (hiding).
  7571 | D:9      | 7571 ||| INVOKING Heroism.
  7589 | D:9      | 7589 ||| Stepping ~*~*~tactically~*~*~ (stealth).
  7697 | D:9      | Reached skill level 3 in Dodging
  7701 | D:9      | Noticed a two-headed ogre
  7702 | D:9      | 7702 ||| Stepping ~*~*~tactically~*~*~ (stealth).
  7703 | D:9      | 7703 ||| INVOKING Heroism.
  7710 | D:9      | Killed a two-headed ogre
  7710 | D:9      | Reached **** piety under Okawaru
  7743 | D:9      | 7743 ||| INVOKING Heroism.
  7764 | D:9      | Reached ***** piety under Okawaru
  7766 | D:9      | Reached skill level 6 in Invocations
  7830 | D:9      | Found a staircase to the Lair.
  8093 | D:9      | 8093 ||| PLANNING LAIR
  8093 | D:9      | 8093 ||| DROPPING +0 chain mail.
  8094 | D:9      | 8094 ||| DROPPING amulet of magic regeneration.
  8133 | Lair:1   | Entered Level 1 of the Lair of Beasts
  8139 | Lair:1   | Reached skill level 3 in Throwing
  8141 | Lair:1   | Noticed a cane toad
  8142 | Lair:1   | 8142 ||| INVOKING Heroism.
  8146 | Lair:1   | Killed a cane toad
  8167 | Lair:1   | 8167 ||| Stepping ~*~*~tactically~*~*~ (stealth).
  8168 | Lair:1   | 8168 ||| INVOKING Heroism.
  8172 | Lair:1   | Reached XP level 11. HP: 60/69 MP: 13/16
  8203 | Lair:1   | 8203 ||| INVOKING Heroism.
  8216 | Lair:1   | Received a gift from Okawaru
  8220 | Lair:1   | Reached skill level 11 in Axes
  8287 | Lair:1   | 8287 ||| INVOKING Heroism.
  8300 | Lair:1   | Reached skill level 9 in Fighting
  8312 | Lair:1   | Identified the +0 ring mail of Uteorphagy {Int-2 Dex+4
                  | Slay+2} (Okawaru gifted it to you on level 1 of the Lair of
                  | Beasts)
  8312 | Lair:1   | Received a gift from Okawaru
  8418 | Lair:1   | 8418 ||| INVOKING Heroism.
  8538 | Lair:1   | 8538 ||| INVOKING Heroism.
  8543 | Lair:1   | Reached skill level 9 in Invocations
  8674 | Lair:1   | 8674 ||| UPGRADING to ring of protection from fire.
  8675 | Lair:1   | 8675 ||| READING scroll labelled WUKHLI HUIH.
  8771 | Lair:2   | 8771 ||| FLEEEEING.
  8772 | Lair:2   | 8772 ||| FLEEEEING.
  8776 | Lair:2   | 8776 ||| FLEEEEING.
  8777 | Lair:2   | 8777 ||| FLEEEEING.
  8778 | Lair:2   | 8778 ||| FLEEEEING.
  8779 | Lair:2   | 8779 ||| FLEEEEING.
  8781 | Lair:2   | 8781 ||| FLEEEEING.
  8783 | Lair:2   | 8783 ||| FLEEEEING.
  8784 | Lair:2   | 8784 ||| FLEEEEING.
  8785 | Lair:2   | 8785 ||| FLEEEEING.
  8786 | Lair:2   | 8786 ||| FLEEEEING.
  8787 | Lair:2   | 8787 ||| FLEEEEING.
  8788 | Lair:2   | 8788 ||| FLEEEEING.
  8789 | Lair:2   | 8789 ||| FLEEEEING.
  8790 | Lair:2   | 8790 ||| FLEEEEING.
  8791 | Lair:2   | 8791 ||| FLEEEEING.
  8792 | Lair:2   | 8792 ||| FLEEEEING.
  8793 | Lair:2   | 8793 ||| STAIRDANCE
  8797 | Lair:2   | 8797 ||| INVOKING Heroism.
  8824 | Lair:2   | 8824 ||| Stepping ~*~*~tactically~*~*~ (stealth).
  8825 | Lair:2   | 8825 ||| Stepping ~*~*~tactically~*~*~ (stealth).
  8827 | Lair:2   | 8827 ||| Stepping ~*~*~tactically~*~*~ (stealth).
  8828 | Lair:2   | 8828 ||| INVOKING Heroism.
  8831 | Lair:2   | 8831 ||| Stepping ~*~*~tactically~*~*~ (stealth).
  8832 | Lair:2   | 8832 ||| Stepping ~*~*~tactically~*~*~ (stealth).
  8902 | Lair:2   | 8902 ||| Stepping ~*~*~tactically~*~*~ (stealth).
  8904 | Lair:2   | 8904 ||| INVOKING Heroism.
  9135 | Lair:2   | 9135 ||| INVOKING Heroism.
  9142 | Lair:2   | Reached skill level 12 in Axes
  9231 | Lair:2   | 9231 ||| Stepping ~*~*~tactically~*~*~ (stealth).
  9233 | Lair:2   | 9233 ||| Stepping ~*~*~tactically~*~*~ (stealth).
  9270 | Lair:2   | 9270 ||| INVOKING Heroism.
  9278 | Lair:2   | Reached XP level 12. HP: 61/76 MP: 17/19
  9509 | Lair:2   | Found a staircase to the Swamp.
  9515 | Lair:2   | Reached skill level 6 in Shields
  9515 | Lair:2   | 9515 ||| INVOKING Heroism.
  9676 | Lair:2   | 9676 ||| INVOKING Heroism.
  9955 | Lair:2   | 9955 ||| UPGRADING to amulet of regeneration.
  9960 | Lair:2   | 9960 ||| READING 6 scrolls of identify.
  9960 | Lair:2   | 9960 ||| IDENTIFYING puce potion
  9978 | Lair:3   | Noticed a five-headed hydra
  9979 | Lair:3   | 9979 ||| INVOKING Heroism.
  9980 | Lair:3   | 9980 ||| STAIRDANCE
  9982 | Lair:2   | 9982 ||| SWAPPING to +2 flail of protection.
  9983 | Lair:2   | 9983 ||| INVOKING Finesse.
  9989 | Lair:2   | Killed a five-headed hydra
  9990 | Lair:2   | 9990 ||| SWAPPING to +2 spectral war axe.
 10029 | Lair:3   | 10029 ||| STAIRDANCE
 10038 | Lair:3   | 10038 ||| INVOKING Heroism.
 10039 | Lair:3   | 10039 ||| Stepping ~*~*~tactically~*~*~ (stealth).
 10130 | Lair:3   | 10130 ||| INVOKING Heroism.
 10175 | Lair:3   | Noticed a four-headed hydra
 10176 | Lair:3   | 10176 ||| INVOKING Heroism.
 10177 | Lair:3   | 10177 ||| INVOKING Finesse.
 10179 | Lair:3   | 10179 ||| SWAPPING to +2 flail of protection.
 10184 | Lair:3   | Killed a four-headed hydra
 10185 | Lair:3   | 10185 ||| SWAPPING to +2 spectral war axe.
 10277 | Lair:3   | 10277 ||| INVOKING Heroism.
 10278 | Lair:3   | 10278 ||| Stepping ~*~*~tactically~*~*~ (hiding).
 10314 | Lair:3   | 10314 ||| Stepping ~*~*~tactically~*~*~ (stealth).
 10317 | Lair:3   | Received a gift from Okawaru
 10417 | Lair:3   | 10417 ||| INVOKING Heroism.
 10419 | Lair:3   | Reached skill level 13 in Axes
 10464 | Lair:3   | Found a staircase to the Snake Pit.
 10465 | Lair:3   | 10465 ||| Stepping ~*~*~tactically~*~*~ (hiding).
 10817 | Lair:3   | 10817 ||| READING scroll labelled KAGUXO TIEJAOLL.
 10818 | Lair:3   | 10818 ||| READING scroll labelled CUACLE YLUH.
 10819 | Lair:3   | 10819 ||| READING 5 scrolls of identify.
 10819 | Lair:3   | 10819 ||| IDENTIFYING lumpy coppery potion
 10840 | Lair:4   | 10840 ||| PLANNING GAUNTLET
 10840 | Lair:4   | Noticed a four-headed hydra
 10844 | Lair:4   | 10844 ||| INVOKING Heroism.
 10845 | Lair:4   | 10845 ||| SWAPPING to +2 flail of protection.
 10846 | Lair:4   | 10846 ||| INVOKING Finesse.
 10853 | Lair:4   | Killed a four-headed hydra
 10854 | Lair:4   | 10854 ||| SWAPPING to +2 spectral war axe.
 10994 | Lair:4   | Found a gate leading to a gauntlet.
 11003 | Gauntlet | Entered a Gauntlet
 11003 | Gauntlet | Found a runed translucent door.
 11003 | Gauntlet | Found a transporter.
 11003 | Gauntlet | Found a transporter.
 11003 | Gauntlet | Found a transporter.
 11003 | Gauntlet | Found a runed translucent door.
 11004 | Gauntlet | Noticed a catoblepas
 11013 | Gauntlet | Found a transporter.
 11016 | Gauntlet | Found a transporter.
 11025 | Gauntlet | Found a transporter.
 11027 | Gauntlet | Found a transporter.
 11035 | Gauntlet | Found a transporter.
 11053 | Gauntlet | Found a transporter.
 11059 | Gauntlet | Found a transporter.
 11061 | Gauntlet | Found a transporter.
 11072 | Gauntlet | Found a transporter.
 11241 | Gauntlet | 11241 ||| DRINKING 3 potions of curing.
 11241 | Gauntlet | 11241 ||| (to cure confusion)
 11242 | Gauntlet | 11242 ||| DRINKING 2 potions of curing.
 11242 | Gauntlet | 11242 ||| (to cure confusion)
 11255 | Gauntlet | 11255 ||| DROPPING +0 cloak of preservation.
 11274 | Gauntlet | Noticed a minotaur
 11275 | Gauntlet | 11275 ||| INVOKING Heroism.
 11277 | Gauntlet | 11277 ||| INVOKING Finesse.
 11284 | Gauntlet | Killed a minotaur
 11285 | Gauntlet | Reached XP level 13. HP: 43/82 MP: 13/20
 11334 | Gauntlet | 11334 ||| DROPPING +2 flail of protection.
 11346 | Gauntlet | 11346 ||| UPGRADING to +4 ring of protection.
 11361 | Lair:4   | 11361 ||| PLANNING LAIR
 11421 | Lair:4   | 11421 ||| INVOKING Heroism.
 11451 | Lair:4   | 11451 ||| Stepping ~*~*~tactically~*~*~ (hiding).
 11640 | Lair:4   | Found the +12 pair of quick blades "Gyre" and "Gimble"
                  | {protect}
 11660 | Lair:4   | 11660 ||| INVOKING Heroism.
 11664 | Lair:4   | Reached skill level 14 in Axes
 11830 | Lair:4   | 11830 ||| INVOKING Heroism.
 11836 | Lair:4   | Received a gift from Okawaru
 11878 | Lair:4   | 11878 ||| INVOKING Heroism.
 12123 | Lair:5   | Entered Level 5 of the Lair of Beasts
 12127 | Lair:5   | Received a gift from Okawaru
 12187 | Lair:5   | 12187 ||| INVOKING Heroism.
 12204 | Lair:5   | Received a gift from Okawaru
 12267 | Lair:5   | 12267 ||| INVOKING Heroism.
 12291 | Lair:5   | 12291 ||| Stepping ~*~*~tactically~*~*~ (stealth).
 12400 | Lair:5   | 12400 ||| INVOKING Heroism.
 12444 | Lair:5   | 12444 ||| Stepping ~*~*~tactically~*~*~ (stealth).
 12446 | Lair:5   | 12446 ||| INVOKING Heroism.
 12448 | Lair:5   | Received a gift from Okawaru
 12512 | Lair:5   | Found a staircase to the Slime Pits.
 12527 | Lair:5   | 12527 ||| Stepping ~*~*~tactically~*~*~ (stealth).
 12529 | Lair:5   | 12529 ||| INVOKING Heroism.
 12532 | Lair:5   | 12532 ||| SWAPPING to +3 flail of protection.
 12533 | Lair:5   | 12533 ||| INVOKING Finesse.
 12545 | Lair:5   | Received a gift from Okawaru
 12546 | Lair:5   | 12546 ||| SWAPPING to +2 spectral war axe.
 12567 | Lair:5   | 12567 ||| Stepping ~*~*~tactically~*~*~ (stealth).
 12568 | Lair:5   | 12568 ||| Stepping ~*~*~tactically~*~*~ (stealth).
 12570 | Lair:5   | 12570 ||| Stepping ~*~*~tactically~*~*~ (stealth).
 12583 | Lair:5   | 12583 ||| INVOKING Heroism.
 12586 | Lair:5   | Reached skill level 6 in Throwing
 12641 | Lair:5   | Identified the -2 pair of boots "Ihelukk" {Rampage rPois
                  | Stlth+} (Okawaru gifted it to you on level 5 of the Lair of
                  | Beasts)
 12641 | Lair:5   | Received a gift from Okawaru
 12739 | Lair:5   | 12739 ||| Stepping ~*~*~tactically~*~*~ (stealth).
 12741 | Lair:5   | 12741 ||| Stepping ~*~*~tactically~*~*~ (stealth).
 12743 | Lair:5   | 12743 ||| INVOKING Heroism.
 12744 | Lair:5   | 12744 ||| Stepping ~*~*~tactically~*~*~ (stealth).
 12967 | Lair:5   | 12967 ||| INVOKING Heroism.
 12995 | Lair:5   | 12995 ||| Stepping ~*~*~tactically~*~*~ (stealth).
 12997 | Lair:5   | 12997 ||| Stepping ~*~*~tactically~*~*~ (stealth).
 12999 | Lair:5   | 12999 ||| Stepping ~*~*~tactically~*~*~ (stealth).
 13004 | Lair:5   | 13004 ||| Stepping ~*~*~tactically~*~*~ (stealth).
 13015 | Lair:5   | 13015 ||| INVOKING Heroism.
 13030 | Lair:5   | 13030 ||| Stepping ~*~*~tactically~*~*~ (stealth).
 13036 | Lair:5   | 13036 ||| Stepping ~*~*~tactically~*~*~ (stealth).
 13042 | Lair:5   | 13042 ||| Stepping ~*~*~tactically~*~*~ (hiding).
 13045 | Lair:5   | Reached skill level 15 in Axes
 13049 | Lair:5   | 13049 ||| INVOKING Heroism.
 13057 | Lair:5   | Reached skill level 6 in Armour
 13065 | Lair:5   | 13065 ||| Stepping ~*~*~tactically~*~*~ (stealth).
 13089 | Lair:5   | 13089 ||| Stepping ~*~*~tactically~*~*~ (stealth).
 13118 | Lair:5   | Gained mutation: Your large and strong wings let you fly.
                  | [Gargoyle growth]
 13118 | Lair:5   | Reached XP level 14. HP: 90/90 MP: 21/21
 13151 | Lair:5   | 13151 ||| INVOKING Heroism.
 13195 | Lair:5   | 13195 ||| DROPPING +3 flail of protection.
 13208 | Lair:5   | 13208 ||| Stepping ~*~*~tactically~*~*~ (hiding).
 13210 | Lair:5   | Reached skill level 12 in Fighting
 13212 | Lair:5   | 13212 ||| Stepping ~*~*~tactically~*~*~ (stealth).
 13213 | Lair:5   | 13213 ||| Stepping ~*~*~tactically~*~*~ (stealth).
 13225 | Lair:5   | 13225 ||| Stepping ~*~*~tactically~*~*~ (hiding).
 13246 | Lair:5   | 13246 ||| FLEEEEING.
 13286 | Lair:5   | 13286 ||| Stepping ~*~*~tactically~*~*~ (stealth).
 13311 | Lair:5   | 13311 ||| Stepping ~*~*~tactically~*~*~ (stealth).
 13314 | Lair:5   | 13314 ||| INVOKING Heroism.
 13360 | Lair:5   | Identified the +1 glaive of the Burning Hawk {vorpal, rPois
                  | Int+4}
 13360 | Lair:5   | Noticed Urug
 13361 | Lair:5   | 13361 ||| Stepping ~*~*~tactically~*~*~ (stealth).
 13362 | Lair:5   | 13362 ||| INVOKING Heroism.
 13363 | Lair:5   | 13363 ||| INVOKING Finesse.
 13372 | Lair:5   | Killed Urug
 13425 | Lair:5   | Found a corrupted altar of Lugonu.
 13425 | Lair:5   | Found a one-way gate to the infinite horrors of the Abyss.
 13470 | Lair:5   | 13470 ||| Stepping ~*~*~tactically~*~*~ (stealth).
 13690 | Lair:5   | 13690 ||| PLANNING D:1-11
 13690 | Lair:5   | 13690 ||| DROPPING -2 pair of boots "Ihelukk" {Rampage
                  | rPois Stlth+}.
 13691 | Lair:5   | 13691 ||| READING 6 scrolls of identify.
 13691 | Lair:5   | 13691 ||| IDENTIFYING white potion
 13692 | Lair:5   | 13692 ||| DROPPING potion of flight.
 13835 | D:10     | Entered Level 10 of the Dungeon
 13835 | D:10     | Found a flagged portal.
 13837 | D:10     | 13837 ||| INVOKING Heroism.
 13865 | D:10     | Received a gift from Okawaru
 13875 | D:10     | 13875 ||| INVOKING Heroism.
 13923 | D:10     | 13923 ||| INVOKING Heroism.
 14281 | D:10     | 14281 ||| Stepping ~*~*~tactically~*~*~ (stealth).
 14292 | D:10     | Noticed Snorg
 14293 | D:10     | 14293 ||| Stepping ~*~*~tactically~*~*~ (stealth).
 14297 | D:10     | 14297 ||| INVOKING Heroism.
 14298 | D:10     | 14298 ||| INVOKING Finesse.
 14304 | D:10     | Killed Snorg
 14305 | D:10     | Reached skill level 16 in Axes
 14425 | D:10     | 14425 ||| Stepping ~*~*~tactically~*~*~ (stealth).
 14426 | D:10     | 14426 ||| Stepping ~*~*~tactically~*~*~ (stealth).
 14863 | D:11     | 14863 ||| Stepping ~*~*~tactically~*~*~ (hiding).
 14866 | D:11     | Noticed Grum
 14868 | D:11     | 14868 ||| INVOKING Heroism.
 14872 | D:11     | 14872 ||| INVOKING Finesse.
 14882 | D:11     | Killed Grum
 14928 | D:11     | Noticed Nergalle
 14929 | D:11     | 14929 ||| Stepping ~*~*~tactically~*~*~ (hiding).
 14933 | D:11     | 14933 ||| Stepping ~*~*~tactically~*~*~ (hiding).
 14948 | D:11     | Killed Nergalle
 15151 | D:11     | 15151 ||| FLEEEEING.
 15152 | D:11     | 15152 ||| FLEEEEING.
 15153 | D:11     | 15153 ||| FLEEEEING.
 15154 | D:11     | 15154 ||| FLEEEEING.
 15743 | D:11     | 15743 ||| PLANNING D
 15743 | D:11     | 15743 ||| DROPPING +1 ring mail "Qieke" {Rampage rPois
                  | rCorr Dex-4}.
 15744 | D:11     | 15744 ||| DROPPING 7 silver boomerangs.
 15745 | D:11     | 15745 ||| DROPPING 4 boomerangs.
 15802 | D:12     | Identified the +1 plate armour of the Arena {rPois}
 15869 | D:12     | 15869 ||| Stepping ~*~*~tactically~*~*~ (hiding).
 15871 | D:12     | 15871 ||| INVOKING Heroism.
 16053 | D:12     | Found an iron altar of Okawaru.
 16063 | D:12     | 16063 ||| READING scroll of enchant armour.
 16063 | D:12     | 16063 ||| ENCHANTING +0 cloak.
 16116 | D:12     | 16116 ||| Stepping ~*~*~tactically~*~*~ (hiding).
 16117 | D:12     | 16117 ||| Stepping ~*~*~tactically~*~*~ (stealth).
 16125 | D:12     | 16125 ||| INVOKING Heroism.
 16157 | D:12     | 16157 ||| Stepping ~*~*~tactically~*~*~ (stealth).
 16163 | D:12     | 16163 ||| Stepping ~*~*~tactically~*~*~ (stealth).
 16164 | D:12     | Received a gift from Okawaru
 16165 | D:12     | 16165 ||| Stepping ~*~*~tactically~*~*~ (stealth).
 16166 | D:12     | 16166 ||| Stepping ~*~*~tactically~*~*~ (stealth).
 16169 | D:12     | 16169 ||| Stepping ~*~*~tactically~*~*~ (stealth).
 16193 | D:12     | 16193 ||| Stepping ~*~*~tactically~*~*~ (stealth).
 16194 | D:12     | 16194 ||| Stepping ~*~*~tactically~*~*~ (stealth).
 16199 | D:12     | 16199 ||| Stepping ~*~*~tactically~*~*~ (stealth).
 16200 | D:12     | 16200 ||| Stepping ~*~*~tactically~*~*~ (stealth).
 16203 | D:12     | 16203 ||| Stepping ~*~*~tactically~*~*~ (stealth).
 16204 | D:12     | 16204 ||| Stepping ~*~*~tactically~*~*~ (stealth).
 16205 | D:12     | 16205 ||| Stepping ~*~*~tactically~*~*~ (stealth).
 16216 | D:12     | 16216 ||| Stepping ~*~*~tactically~*~*~ (stealth).
 16224 | D:12     | 16224 ||| Stepping ~*~*~tactically~*~*~ (stealth).
 16225 | D:12     | 16225 ||| Stepping ~*~*~tactically~*~*~ (stealth).
 16258 | D:12     | Found a staircase to the Orcish Mines.
 16740 | D:12     | 16740 ||| INVOKING Heroism.
 16748 | D:12     | 16748 ||| READING 3 scrolls of teleportation.
 16846 | D:12     | 16846 ||| Stepping ~*~*~tactically~*~*~ (stealth).
 16850 | D:12     | 16850 ||| Stepping ~*~*~tactically~*~*~ (stealth).
 16858 | D:12     | 16858 ||| INVOKING Heroism.
 16861 | D:12     | 16861 ||| READING 2 scrolls of teleportation.
 16866 | D:12     | Demolished by an enormous slime creature

Levels and vault maps discovered:
D:1:      sevenhm_arrival_forest_fort_small_4, layout_basic,
          shapermc_ecumenical_altar_notcrosses, minmay_lizard_pond
D:2:      layout_basic, serial_shops, nicolae_shop_statue_plus,
          nicolae_shop_advertising_works [nicolae_subvault_shop_adworks],
          nicolae_shop_behind_doors, nicolae_shop_crystal
D:3:      layout_basic, grunt_temple_overflow_bloody_war,
          kennysheep_nondescript, grunt_ministairs_7, minmay_strange_pillars,
          uniq_jessica
D:4:      layout_cave_pods, serial_shops, nicolae_shop_overgrown_old_shop,
          gup_sewer_entry_bowl
D:5:      layout_rooms, uniq_ijyb
D:6:      layout_gridville, ebering_ghost_xom, serial_shops, shop,
          uniq_prince_ribbit1
D:7:      layout_basic, mainiacjoe_overflow_alcove_3,
          nicolae_overflow_two_pavilions, minmay_temple_entry_junction,
          uniq_crazy_yiuf_cottage
D:8:      layout_loops_corners
D:9:      layout_rooms, due_lair_maze_entry_diamond
D:10:     layout_layer_cave, special_room [special_room_orc], enter_bailey_5,
          uniq_snorg
D:11:     layout_cave_pods, uniq_nergalle, uniq_grum
D:12:     layout_loops_ring, zombieorc2_lemuel, okawaru_gym_becter
Lair:1:   layout_cave_shapes, st_stairs_9, lemuel_fruit_fields
Lair:2:   layout_regular_city, skrybe_swamp_entry_bodies, serial_forest,
          infiniplex_forest_join, infiniplex_forest_clump_small,
          infiniplex_forest_straight_5, infiniplex_forest_clump_tiny,
          infiniplex_forest_lined_corner, infiniplex_forest_clump_small,
          infiniplex_forest_clump_long, infiniplex_forest_straight_5,
          infiniplex_forest_side_room
Lair:3:   layout_long_grid, guppyfry_snake_entry_garden, worms_lemuel
Lair:4:   layout_regular_city, gauntlet_entry_generic, lemuel_fruit_fields
Lair:5:   hellmonk_lair_end_abyssal_woods, layout_cave_pods, slime_entry_1,
          amcnicky_mini_pool_medium, uniq_urug

Skill      XL: |  1  2  3  4  5  6  7  8  9 10 11 12 13 14 |
---------------+-------------------------------------------+-----
Axes           | 2 3 4 5 7 8 9 10 12 13 15 16 | 16.0
Fighting       | 4 6 7 8 9 10 11 12 | 12.7
Dodging        | 1 2 3 4 |  4.0
Invocations    | 1 4 6 10 | 10.0
Throwing       | 2 3 4 6 |  6.6
Armour         | 4 5 6 |  6.0
Shields        | 4 5 6 7 8 |  8.0

Action                   |  1- 3 |  4- 6 |  7- 9 | 10-12 | 13-15 || total
-------------------------+-------+-------+-------+-------+-------++-------
Melee: War axe           |    74 |    88 |   155 |   256 |   524 ||  1097
       Flail             |       |       |       |    16 |    11 ||    27
Throw: Boomerang         |    28 |    26 |       |    13 |     1 ||    68
       Javelin           |       |       |    18 |    59 |   194 ||   271
Invok: Heroism           |       |     2 |    12 |    25 |    26 ||    65
       Finesse           |       |       |       |     4 |     4 ||     8
  Use: Scroll            |     4 |     7 |    10 |     7 |     4 ||    32
       Potion            |       |     1 |     3 |     2 |       ||     6
 Stab: Distracted        |       |       |     3 |     4 |    13 ||    20
Armor: Scale mail        |    35 |    23 |       |       |       ||    58
       Chain mail        |       |     7 |    51 |       |       ||    58
       Ring mail         |       |       |    16 |    83 |   174 ||   273
Dodge: Dodged            |    32 |    28 |    55 |    84 |   139 ||   338
Block: Buckler           |     7 |    14 |    25 |    43 |   113 ||   202

Table legend:
 A = Non-vault XP
 B = Vault XP
 C = Vault XP percentage of total XP
 D = Non-vault monster count
 E = Vault monster count
 F = Vault count percentage of total count
                 A         B        C        D         E       F
            +---------+---------+-------+---------+---------+-------
      Total |   52357 |   24819 |  32.2 |     348 |     149 |  30.0
            +---------+---------+-------+---------+---------+-------
        D:1 |      37 |       4 |   9.8 |      20 |       4 |  16.7
        D:2 |     103 |       0 |   0.0 |      23 |       0 |   0.0
        D:3 |     102 |      44 |  30.1 |      25 |       4 |  13.8
        D:4 |     236 |       4 |   1.7 |      19 |       3 |  13.6
        D:5 |     576 |      35 |   5.7 |      10 |       1 |   9.1
        D:6 |     732 |     274 |  27.2 |       7 |       1 |  12.5
        D:7 |    1035 |       0 |   0.0 |      16 |       0 |   0.0
        D:8 |    1550 |       0 |   0.0 |      28 |       0 |   0.0
        D:9 |    2312 |    1244 |  35.0 |      18 |       9 |  33.3
       D:10 |    3868 |    1430 |  27.0 |      23 |      25 |  52.1
       D:11 |    2019 |    1328 |  39.7 |      17 |       5 |  22.7
       D:12 |    3823 |     914 |  19.3 |      16 |      36 |  69.2
     Lair:1 |    5253 |     778 |  12.9 |      22 |       2 |   8.3
     Lair:2 |    5492 |    1262 |  18.7 |      19 |       2 |   9.5
     Lair:3 |    5444 |     682 |  11.1 |      16 |       4 |  20.0
     Lair:4 |    5914 |       0 |   0.0 |      24 |       0 |   0.0
     Lair:5 |   13331 |   13786 |  50.8 |      44 |      45 |  50.6
   Gauntlet |     530 |    3034 |  85.1 |       1 |       8 |  88.9
            +---------+---------+-------+---------+---------+-------
